Cogmind - Beta 13 X1 @@@ ROGUE MODE // 2023.08.17 @ 05:42:36 Player: deadnoob Result: Self-destructed Performance ------------- Evolutions (3) 1500 Regions Visited (9) 1800 Robots Destroyed (163) 815 Value Destroyed (5732) 5732 Prototype IDs (13) 260 Alien Tech Used (0) 0 Bonus (684) 684 TOTAL SCORE: 10791 Bonus ------- High Alert Combat Kills 355 Follower Combat Kills 129 Entered Garrisons 200 Cogmind --------- Core Integrity 410/700 Matter 77/300 Energy 330/330 System Corruption 40% Temperature Cool (7) Movement Treading (240) Ox1 Location -7/Factory Parts ------- > --- POWER (2) -------- Light Deuterium Engine Reinforced Deuterium Engine > --- PROPULSION (4) --- Medium Treads Medium Treads > --- UTILITY (5) ------ High-capacity Storage Unit Hacking Suite Hacking Suite Hacking Suite > --- WEAPON (2) ------- Heavy Plasma Cannon Heavy Rocket Launcher > --- INVENTORY (20) --- Medium Treads High-capacity Matter Pod (200) Experimental Sensor Array Improved Medium Armor Plating Improved Medium Armor Plating Improved Medium Armor Plating Layered Medium Armor Plating Plasma Cannon Improved Light Cannon YI-UF0's Doublenader Precision Rocket Launcher Improved Datajack Power Maul Greatsword Greatsword Peak State ------------ > --- POWER ------------ Reinforced Deuterium Engine Reinforced Deuterium Engine > --- PROPULSION ------- Improved Medium Treads Improved Medium Treads Improved Medium Treads Improved Medium Treads > --- UTILITY ---------- High-capacity Storage Unit Experimental Sensor Array Improved Medium Armor Plating Layered Medium Armor Plating Medium Reflective Plating > --- WEAPON ----------- Heavy Plasma Cannon Improved Light Cannon > --- INVENTORY -------- Medium Treads Medium Treads Medium Treads Medium Treads High-capacity Matter Pod Improved Medium Armor Plating Improved Medium Armor Plating Layered Medium Armor Plating Hacking Suite Hacking Suite Improved Light Cannon Guided EMP Blaster YI-UF0's Doublenader Heavy Rocket Launcher Precision Rocket Launcher Improved Datajack [Rating: 64] Favorites ----------- Power Reinforced Deuterium Engine Engine Reinforced Deuterium Engine Power Core Light Nuclear Core Propulsion Light Treads Treads Light Treads Leg Aluminum Leg Wheel Wheel Flight Unit Improved Flight Unit Utility High-capacity Storage Unit Device Experimental Sensor Array Storage High-capacity Storage Unit Processor Targeting Computer Hackware Hacking Suite Protection Medium Armor Plating Weapon Autogun Energy Gun Medium Laser Energy Cannon Heavy Plasma Cannon Ballistic Gun Autogun Ballistic Cannon Improved Light Cannon Launcher Guided EMP Blaster Impact Weapon Hammer Slashing Weapon Greatsword Build | -11 -10 -10 -9 -9 -9 -9 -7 -7 -7 ------- Run | Jun Mat Min Mat Sto Gar Rec Fac Was Fac Slots Evolved 6 | . . . 2 . . . 4 . . Power 1 | . . . . . . . 1 . . Propulsion 2 | . . . 1 . . . 1 . . Utility 3 | . . . 1 . . . 2 . . Weapon . | . . . . . . . . . . Parts Attached 174 | . 12 12 31 52 28 3 2 4 30 Power 12 | . 3 1 3 2 1 . . 1 1 Engine 11 | . 2 1 3 2 1 . . 1 1 Core 1 | . 1 . . . . . . . . Reactor . | . . . . . . . . . . Propulsion 43 | . 2 2 11 13 8 . 1 1 5 Treads 38 | . 2 2 7 12 8 . 1 1 5 Leg 2 | . . . 2 . . . . . . Wheel 2 | . . . 2 . . . . . . Hover . | . . . . . . . . . . Flight 1 | . . . . 1 . . . . . Utility 52 | . 3 6 6 12 6 . 1 1 17 Device 12 | . . 1 . 3 1 . 1 . 6 Storage 2 | . 1 1 . . . . . . . Processor 2 | . . . 1 1 . . . . . Hackware 3 | . . . . . . . . . 3 Protection 33 | . 2 4 5 8 5 . . 1 8 Artifact . | . . . . . . . . . . Weapon 67 | . 4 3 11 25 13 3 . 1 7 Energy Gun 3 | . . . 3 . . . . . . Energy Cannon 5 | . . . . 1 2 . . 1 1 Ballistic Gun 24 | . 3 2 5 11 3 . . . . Ballistic Cannon 6 | . . . . 1 2 2 . . 1 Launcher 15 | . 1 1 3 2 4 1 . . 3 Special Weapon . | . . . . . . . . . . Impact Weapon 13 | . . . . 10 2 . . . 1 Slashing Weapon 1 | . . . . . . . . . 1 Piercing Weapon . | . . . . . . . . . . Special Melee Weapon . | . . . . . . . . . . Unidentified Prototypes 8 | . . 2 2 4 . . . . . Corrupted Parts 9 | . . . 1 . 7 . . 1 . System Corruption 54 | . . . 4 . 40 . . 10 . Parts Lost 24 | . . 5 7 4 1 . . . 7 Power 4 | . . 1 1 1 . . . . 1 Propulsion 11 | . . 2 4 . . . . . 5 Utility 9 | . . 2 2 3 1 . . . 1 Weapon . | . . . . . . . . . . Highest Loss Streak 4 | . . 4 3 1 1 . . . 2 To Critical Strikes . | . . . . . . . . . . Average Slot Usage (%) 96 | . 97 100 93 99 94 99 89 79 94 Engine 12 | . 13 14 10 10 11 11 14 15 14 Treads 29 | . 25 28 23 32 32 33 30 30 29 Device 1 | . . . . 3 . . 5 1 1 Storage 10 | . 14 14 11 11 11 11 7 7 7 Processor 1 | . . . 7 1 . . . . . Hackware 2 | . . . . . . . . . 19 Protection 15 | . 11 14 14 17 22 22 15 9 7 Energy Gun 1 | . 8 . 3 . . . . . . Ballistic Gun 11 | . 18 28 17 16 2 . . . . Ballistic Cannon 3 | . . . . . 4 20 15 7 3 Impact Weapon 1 | . . . . 5 3 . . . 1 Naked Turns . | . . . . . . . . . . Heaviest Build 107 | 13 35 63 68 72 82 82 81 93 107 Greatest Support 120 | 20 40 40 60 69 90 90 120 120 120 Greatest Overweight (x) 16 | . . 1 16 1 2 . . . . Average Overweight (x) . | . . . 1 . . . . . . Largest Inventory Capacity 20 | 8 15 20 20 20 20 20 20 20 20 Average Capacity 18 | 8 13 15 20 20 20 20 20 20 20 Most Carried 20 | 6 15 15 20 20 20 20 20 20 20 Average Carried 17 | 6 12 13 18 19 19 19 17 19 18 Final Capacity 20 | 8 15 20 20 20 20 20 20 20 20 Final Carried 20 | 6 15 15 20 20 20 19 19 20 17 Class Distribution -------------------- 57% | Mutant 35% | Scavenger-Mutant 5% | Hacker-Mutant Dominant Class ---------------- Mutant | -10/Materials Mutant | -10/Mines Mutant | -9/Materials Mutant | -9/Storage Mutant | -9/Garrison Scavenger-Mutant | -9/Recycling Scavenger-Mutant | -7/Factory Scavenger-Mutant | -7/Waste Scavenger-Mutant | -7/Factory Resources | -11 -10 -10 -9 -9 -9 -9 -7 -7 -7 ----------- Run | Jun Mat Min Mat Sto Gar Rec Fac Was Fac Matter Collected 4933 | 200 273 268 972 1137 814 696 8 135 430 Remotely . | . . . . . . . . . . Salvage Created 6364 | . 429 474 1442 1524 830 366 . 499 800 Parts 346 | . 31 25 114 75 58 14 . 1 28 Haulers Intercepted 11 | . 2 . 4 5 . . . . . Recyclers Shooed 7 | . . 1 3 2 . 1 . . . Parts Field Recycled . | . . . . . . . . . . Retrieved Matter . | . . . . . . . . . . Parts Self-Destructed . | . . . . . . . . . . Prevented . | . . . . . . . . . . Kills | -11 -10 -10 -9 -9 -9 -9 -7 -7 -7 ------- Run | Jun Mat Min Mat Sto Gar Rec Fac Was Fac Combat Hostiles Destroyed 111 | . 9 3 30 24 23 2 . 2 18 Melee 11 | . . . . 6 . . . . 5 Guns 42 | . 4 3 20 14 1 . . . . Cannons 13 | . . . . . 8 2 . 1 2 AOE 32 | . 5 . 8 . 11 . . . 8 Classes Destroyed 19 | . 6 2 3 2 2 . . 1 3 Worker 11 | . 1 2 3 5 . . . . . Builder 7 | . . 1 3 1 . . . . 2 Tunneler 2 | . . . 1 . . . . . 1 Hauler 11 | . 2 . 4 5 . . . . . Recycler 8 | . . 3 . . . 5 . . . Mechanic 3 | . 1 . 1 . . . . . 1 Operator 2 | . . . 2 . . . . . . Watcher 8 | . 1 . 3 2 . . . . 2 Swarmer 19 | . 3 . 8 . 8 . . . . Grunt 52 | . 6 2 16 14 9 . . . 5 Brawler 2 | . . . . . 2 . . . . Duelist 1 | . . . . 1 . . . . . Protector 2 | . . . . 2 . . . . . Sentry 19 | . . . 6 7 2 2 . . 2 Specialist 2 | . . . . . . . . . 2 Hunter 5 | . . . . . . . . . 5 Programmer 4 | . . . . . . . . . 4 Behemoth 2 | . . . . . 2 . . . . Compactor 2 | . . . . . . . . 2 . Best Kill Streak 12 | . 6 4 12 5 6 2 . 1 9 Combat Bots Only 8 | . 5 2 8 3 6 1 . 1 8 Max Kills in Single Turn 5 | . 2 1 5 2 3 1 . 1 4 Gunslinging 1 | . . . . 1 . . . . . Exploded 4 | . 1 . 4 . 3 . . . 4 Melee 1 | . . . . 1 . . . . 1 Uniques/NPCs Destroyed 1 | . . 1 . . . . . . . YI-UF0 (-10/Mines) Combat | -11 -10 -10 -9 -9 -9 -9 -7 -7 -7 -------- Run | Jun Mat Min Mat Sto Gar Rec Fac Was Fac Damage Taken 6678 | . 221 882 1181 1275 806 184 . . 2129 Core 777 | . 38 106 123 102 105 13 . . 290 Absorbed by Shields 191 | . . . . 183 . 8 . . . Ignored by Resistances 50 | . . . . . . 6 . . 44 Regen/Repaired (Parts) 125 | . . . . . . . 17 . 108 Core Remaining (%) 52 | 100 . 42 . . . 14 . . . Volleys Fired 365 | . 35 21 87 62 76 21 . 35 28 Largest 2 | . 2 2 2 2 2 2 . 2 2 Hottest 129 | . 70 46 90 46 90 78 . 129 129 Shots Fired 629 | . 65 42 170 120 99 41 . 47 45 Gun 396 | . 60 42 166 120 8 . . . . Cannon 166 | . . . . . 44 41 . 47 34 Launcher 67 | . 5 . 4 . 47 . . . 11 Special . | . . . . . . . . . . Kinetic 458 | . 42 42 142 120 45 41 . 14 12 Thermal 80 | . 18 . . . 7 . . 33 22 Explosive 18 | . 5 . 4 . . . . . 9 Electromagnetic 73 | . . . 24 . 47 . . . 2 Robot Hit Streak 19 | . 13 11 19 10 15 5 . 12 12 Robot Miss Streak 2 | . 2 2 2 2 2 2 . 2 2 Penetration Max . | . . . . . . . . . . Secondary Targets 8 | . . 1 6 1 . . . . . Max Gunslinging Chain 1 | . . 1 1 1 . . . . . Shots Hit Robots 462 | . 42 32 128 117 36 22 . 29 56 Core Hits 237 | . 25 14 65 42 28 7 . 3 53 Critical Kills 3 | . . . . 2 . . . 1 . Critical Parts Destroyed 10 | . . 1 . 6 . . . . 3 Critical Strikes 18 | . . 1 . 9 . 2 . 1 5 Meltdown 1 | . . . . . . . . 1 . Destroy 3 | . . 1 . 2 . . . . . Blast 2 | . . . . . . 2 . . . Smash 10 | . . . . 7 . . . . 3 Sever 2 | . . . . . . . . . 2 Melee Attacks 145 | . . . . 66 17 . . . 62 Impact 101 | . . . . 66 17 . . . 18 Slashing 44 | . . . . . . . . . 44 Piercing . | . . . . . . . . . . Sneak Attacks 7 | . . . . 4 . . . . 3 Combat Hostiles . | . . . . . . . . . . Follow-up Attacks . | . . . . . . . . . . Damage Inflicted 13322 | . 806 464 2807 2318 1648 549 . 830 3900 Guns 4555 | . 472 462 2115 1396 110 . . . . Cannons 2376 | . . . . . 541 504 . 830 501 Explosions 3569 | . 334 . 684 . 935 . . . 1616 Melee 2747 | . . . . 902 62 . . . 1783 Ramming 75 | . . 2 8 20 . 45 . . . Kinetic 5389 | . 293 462 1648 1396 651 504 . 252 183 Thermal 1304 | . 179 . 176 . 53 . . 578 318 Explosive 2387 | . 334 . 508 . . . . . 1545 Electromagnetic 1420 | . . . 467 . 882 . . . 71 Impact 1332 | . . . . 902 62 . . . 368 Slashing 1415 | . . . . . . . . . 1415 Piercing . | . . . . . . . . . . Highest Corruption 49 | . . . 8 8 49 49 . 39 40 Average Corruption 20 | . . . 6 8 18 49 . 23 39 Corruption Purged . | . . . . . . . . . . Corruption Blocked . | . . . . . . . . . . Effects 340 | . . . 44 77 71 48 . 20 80 Message Errors 85 | . . . 7 21 18 15 . 4 20 Matter Fused 78 | . . . 7 20 18 8 . 5 20 Heat Flow Errors 47 | . . . 5 13 11 5 . 1 12 Energy Discharges 35 | . . . 5 10 4 6 . 1 9 Parts Rejected 8 | . . . 4 . 1 . . 1 2 Parts Fused 2 | . . . . 1 1 . . . . Data Loss (minor) 42 | . . . 10 3 12 5 . 2 10 Data Loss (major) 10 | . . . . 1 2 4 . . 3 Misfires 13 | . . . 3 5 3 . . 1 1 Alerts 2 | . . . . 1 . 1 . . . Misdirections 9 | . . . . . . 3 . 3 3 Weapon Failures 9 | . . . 3 2 1 1 . 2 . Overload Shots . | . . . . . . . . . . Overflow Damage 664 | . 8 . 5 175 34 23 . . 419 Projectiles 44 | . . . . . 28 16 . . . Explosions 23 | . 8 . 5 . . . . . 10 Melee 597 | . . . . 175 6 7 . . 409 Knockbacks 15 | . . . . 7 2 4 . . 2 Impact 9 | . . . . 6 1 . . . 2 Kinetic 5 | . . . . . 1 4 . . . Secondary 1 | . . . . 1 . . . . . Self-Inflicted Damage 276 | . . . 105 . 39 . . . 132 Shots 10 | . . . 4 . 3 . . . 3 Rammed 8 | . . 1 2 2 . 3 . . . Targets Rammed 10 | . . 2 2 3 . 3 . . . Kicked . | . . . . . . . . . . Crushed 2 | . . 1 . 1 . . . . . Highest Temperature 484 | . 212 55 231 270 307 286 . 308 484 Average Temperature 87 | . 69 14 39 54 79 92 . 129 145 Received Heat Transfer 1788 | . 132 33 405 485 168 28 . . 537 Effects 10 | . . . . 1 2 1 . . 6 Shutdowns 2 | . . . . . . . . . 2 Energy Bleed 2 | . . . . . 1 . . . 1 Interference 4 | . . . . 1 1 1 . . 1 Matter Decay 1 | . . . . . . . . . 1 Damage (minor) 1 | . . . . . . . . . 1 Siege Activations . | . . . . . . . . . . Robots Corrupted 5 | . . . 2 . 3 . . . . Combat Hostiles 5 | . . . 2 . 3 . . . . Parts Fried 27 | . . . 7 9 5 . . . 6 Impact Corruptions 22 | . . . . 12 1 1 . . 8 Robots Melted 1 | . . . . . . . . 1 . Combat Hostiles 1 | . . . . . . . . 1 . Parts Melted . | . . . . . . . . . . Heat Transferred 2168 | . 518 . 150 . 100 . . 900 500 Parts Sabotaged . | . . . . . . . . . . Parts Stolen . | . . . . . . . . . . Parts Stripped . | . . . . . . . . . . Power Chain Reactions 8 | . . . 4 . 4 . . . . Missiles Intercepted . | . . . . . . . . . . Alert | -11 -10 -10 -9 -9 -9 -9 -7 -7 -7 ------- Run | Jun Mat Min Mat Sto Gar Rec Fac Was Fac Peak Influence 1367 | . 238 71 657 547 1367 705 490 127 342 Initial 615 | . . 45 7 243 74 615 485 101 88 Average 307 | . 109 28 408 242 737 540 422 115 103 Maximum Alert Level 4 | . 1 . 2 2 4 3 2 . 1 Low Security (%) 47 | 100 74 100 16 46 4 . . 100 92 Level 1 17 | . 25 . 16 32 21 9 32 . 7 Level 2 25 | . . . 66 21 16 90 67 . . Level 3 5 | . . . . . 32 . . . . Level 4 3 | . . . . . 25 . . . . Level 5 . | . . . . . . . . . . High Security . | . . . . . . . . . . Max Security . | . . . . . . . . . . Squads Dispatched 18 | . 1 . 3 5 . . 2 . 7 Investigation 4 | . . . . . . . . . 4 Extermination 4 | . . . . . . . 2 . 2 Reinforcement 7 | . 1 . 3 2 . . . . 1 Assault 2 | . . . . 2 . . . . . Garrison 1 | . . . . 1 . . . . . Intercept . | . . . . . . . . . . Searches Triggered . | . . . . . . . . . . Construction Impeded 1 | . . . 1 . . . . . . Haulers Reinforced . | . . . . . . . . . . Active Scanning Responses . | . . . . . . . . . . Cargo Convoy Interrupts 1 | . . . . . . . . . 1 Stealth | -11 -10 -10 -9 -9 -9 -9 -7 -7 -7 --------- Run | Jun Mat Min Mat Sto Gar Rec Fac Was Fac Distress Signals 6 | . 1 . 2 3 . . . . . Communications Jammed . | . . . . . . . . . . Distress Signals . | . . . . . . . . . . Times Spotted 155 | . 15 4 37 30 29 3 . 6 31 Peak Tracking Total 10 | . 3 2 7 4 4 1 1 4 10 Tactical Retreats 7 | . . . 1 . 6 . . . . Traps | -11 -10 -10 -9 -9 -9 -9 -7 -7 -7 ------- Run | Jun Mat Min Mat Sto Gar Rec Fac Was Fac Traps Triggered 10 | . . . 1 . 8 . 1 . . Indirectly 4 | . . . . . 4 . . . . Trap Hack Attempts . | . . . . . . . . . . Triggered . | . . . . . . . . . . Disarmed . | . . . . . . . . . . Reprogrammed . | . . . . . . . . . . Reused . | . . . . . . . . . . Traps Extracted . | . . . . . . . . . . Installed . | . . . . . . . . . . Triggered . | . . . . . . . . . . Machines | -11 -10 -10 -9 -9 -9 -9 -7 -7 -7 ---------- Run | Jun Mat Min Mat Sto Gar Rec Fac Was Fac Machines Disabled 18 | . 2 . 1 4 8 . . . 3 Max in Single Turn 2 | . 2 . 1 1 2 . . . 1 Garrison Relay 5 | . . . . . 5 . . . . Phase Generator 1 | . . . . . 1 . . . . Machines Repaired . | . . . . . . . . . . Machines Sabotaged . | . . . . . . . . . . Overloaded Fab Kills . | . . . . . . . . . . Hacking | -11 -10 -10 -9 -9 -9 -9 -7 -7 -7 --------- Run | Jun Mat Min Mat Sto Gar Rec Fac Was Fac Machines Accessed 43 | . 3 1 4 14 2 11 1 . 7 Terminals 29 | . 2 1 4 11 2 5 1 . 3 Fabricators 3 | . . . . . . . . . 3 Repair Stations 2 | . 1 . . . . . . . 1 Recycling Units 8 | . . . . 2 . 6 . . . Scanalyzers . | . . . . . . . . . . Garrison Access 1 | . . . . 1 . . . . . Total Hacks 106 | . 10 3 15 38 3 19 2 . 16 Successful 51 | . 3 1 4 24 1 9 2 . 7 Failed 52 | . 6 2 10 13 2 10 . . 9 Catastrophic 14 | . 1 1 1 5 . 3 . . 3 Database Lockouts 3 | . 1 . 1 1 . . . . . Manual 58 | . 6 3 6 21 . 17 . . 5 Terminals 82 | . 8 3 15 33 3 11 2 . 7 Fabricators 6 | . . . . . . . . . 6 Repair Stations 5 | . 2 . . . . . . . 3 Recycling Units 12 | . . . . 4 . 8 . . . Scanalyzers . | . . . . . . . . . . Garrison Access 1 | . . . . 1 . . . . . Terminal Hacks 31 | . 3 1 4 17 1 2 2 . 1 Part Schematic 3 | . . . . 3 . . . . . Robot Schematic 1 | . . . . 1 . . . . . Robot Analysis 3 | . 1 1 1 . . . . . . Prototype ID Bank 2 | . . . 2 . . . . . . Open Door 4 | . . . . 4 . . . . . Level Access Points 1 | . . . . . . . . . 1 Terminal Index 2 | . . . . 1 . . 1 . . Alert Level 5 | . . . . 3 . 1 1 . . Unreport Threat 3 | . . . . 2 . 1 . . . Locate Traps 3 | . 1 . . 2 . . . . . Hauler Manifests 3 | . 1 . 1 1 . . . . . Garrison Registry 1 | . . . . . 1 . . . . Fabricator Hacks 2 | . . . . . . . . . 2 Network Status 1 | . . . . . . . . . 1 Load Schematic 1 | . . . . . . . . . 1 Repair Station Hacks 2 | . . . . . . . . . 2 Scan Component 1 | . . . . . . . . . 1 Repair 1 | . . . . . . . . . 1 Recycling Unit Hacks . | . . . . . . . . . . Scanalyzer . | . . . . . . . . . . Garrison Access Hacks 1 | . . . . 1 . . . . . Unlock Access 1 | . . . . 1 . . . . . Unauthorized Hacks 15 | . . . . 6 . 7 . . 2 Terminals 5 | . . . . 3 . 1 . . 1 Track 1 | . . . . . . . . . 1 Botnet 4 | . . . . 3 . 1 . . . Fabricators 1 | . . . . . . . . . 1 Haulers 1 | . . . . . . . . . 1 Repair Stations . | . . . . . . . . . . Recycling Units 9 | . . . . 3 . 6 . . . Reject 2 | . . . . 2 . . . . . Mask 1 | . . . . 1 . . . . . Tunnel 6 | . . . . . . 6 . . . Scanalyzers . | . . . . . . . . . . Garrison Access . | . . . . . . . . . . Data Cores Recovered . | . . . . . . . . . . Used . | . . . . . . . . . . Hacking Detections 33 | . 3 1 4 9 2 6 1 . 7 Full Trace Events 7 | . . 1 . 1 . 1 . . 4 Feedback Events . | . . . . . . . . . . Feedback Blocked . | . . . . . . . . . . Robot Schematics Acquired 1 | . . . . 1 . . . . . Robots Built . | . . . . . . . . . . Authchips . | . . . . . . . . . . Time . | . . . . . . . . . . Total Robot Build Rating . | . . . . . . . . . . Part Schematics Acquired 3 | . . . . 3 . . . . . Parts Built . | . . . . . . . . . . Authchips . | . . . . . . . . . . Time . | . . . . . . . . . . Total Part Build Rating . | . . . . . . . . . . Parts Repaired 1 | . . . . . . . . . 1 Time 40 | . . . . . . . . . 40 Parts Recycled . | . . . . . . . . . . Recycled Matter . | . . . . . . . . . . Retrieved Matter . | . . . . . . . . . . Retrieved Components . | . . . . . . . . . . Parts Scanalyzed . | . . . . . . . . . . Part Schematics Acquired . | . . . . . . . . . . Parts Damaged . | . . . . . . . . . . Bothacking | -11 -10 -10 -9 -9 -9 -9 -7 -7 -7 ------------ Run | Jun Mat Min Mat Sto Gar Rec Fac Was Fac Used RIF Installer . | . . . . . . . . . . Robots Hacked . | . . . . . . . . . . Non-combat . | . . . . . . . . . . Combat . | . . . . . . . . . . Robot Hacks Applied . | . . . . . . . . . . Relay Couplers Released 24 | . . . . . 24 . . . . Machine Destruction 24 | . . . . . 24 . . . . Fabnet Peak Effective % . | . . . . . . . . . . Robots Rewired 3 | . . . . . . 3 . . . Allies Hacked . | . . . . . . . . . . Hacks Repelled . | . . . . . . . . . . Allies | -11 -10 -10 -9 -9 -9 -9 -7 -7 -7 -------- Run | Jun Mat Min Mat Sto Gar Rec Fac Was Fac Total Allies 18 | . . 3 . 12 . 3 . . . Largest Group 12 | . . 3 1 12 . 3 . . . Highest-Rated Group 150 | . . 40 16 150 . 45 . . . Highest-Rated Ally 31 | . . 16 16 31 . 27 . . . Total Orders 4 | . . 3 . 1 . . . . . STAY 3 | . . 2 . 1 . . . . . FOLLOW 1 | . . 1 . . . . . . . Ally Attacks 64 | . . 16 2 42 . 4 . . . Total Damage 651 | . . 141 28 438 . 44 . . . Kills 9 | . . 6 . 3 . . . . . Allies Corrupted 1 | . . . . 1 . . . . . Allies Melted . | . . . . . . . . . . Intel | -11 -10 -10 -9 -9 -9 -9 -7 -7 -7 ------- Run | Jun Mat Min Mat Sto Gar Rec Fac Was Fac Robot Analysis Total 3 | . 1 1 1 . . . . . . Derelict Logs Recovered 2 | . . 2 . . . . . . . Drone Launches . | . . . . . . . . . . Drone Recoveries . | . . . . . . . . . . Exploration | -11 -10 -10 -9 -9 -9 -9 -7 -7 -7 ------------- Run | Jun Mat Min Mat Sto Gar Rec Fac Was Fac Turns Passed 11956 | 5 1028 1645 1445 2661 1853 880 596 336 1507 Spaces Moved 5054 | 5 556 574 541 997 718 488 356 141 678 Core 2 | . . . 2 . . . . . . Treads 4857 | . 479 574 426 997 718 488 356 141 678 Legs 98 | 5 77 . 16 . . . . . . Wheels 97 | . . . 97 . . . . . . Hover . | . . . . . . . . . . Flight . | . . . . . . . . . . Fastest Speed 120 | 120 120 160 160 160 160 160 160 160 160 Average Speed 188 | 120 154 234 207 209 202 160 160 160 160 Slowest Speed 850 | 120 160 240 850 240 320 160 160 160 160 Overloaded Moves . | . . . . . . . . . . Propulsion Burnouts . | . . . . . . . . . . Robots Hopped . | . . . . . . . . . . Cave-ins Triggered . | . . . . . . . . . . Exploration Rate (%) 57 | 2 67 97 53 91 74 84 9 77 24 Regions Visited 9 Branch Regions 3 Pre-discovered Areas 8 | . . 2 . . . 6 . . . Known Exits Taken 1 | . . . . 1 . . . . . Unknown Exits Taken 5 | 1 1 1 1 . . 1 . . . Scrap Searched 2 | . . 2 . . . . . . . Spaces Dug 41 | . . . 15 3 4 . . 2 17 Terrain Destroyed 265 | . 12 . 48 3 102 1 . 15 84 Melee 19 | . . . . 3 4 . . . 12 Projectile 28 | . . . . . . 1 . 15 12 AOE 218 | . 12 . 48 . 98 . . . 60 Terrain Rammed . | . . . . . . . . . . Walls Destroyed . | . . . . . . . . . . Machines Disabled . | . . . . . . . . . . Actions | -11 -10 -10 -9 -9 -9 -9 -7 -7 -7 --------- Run | Jun Mat Min Mat Sto Gar Rec Fac Was Fac Total 6670 | 4 679 836 725 1366 998 546 385 204 927 Wait 658 | . 22 224 19 129 107 1 19 22 115 Move 5046 | 4 555 573 540 996 717 487 356 140 678 Hop . | . . . . . . . . . . Pick Up 94 | . 28 3 22 15 13 4 5 . 4 Fast Attach 60 | . 3 1 18 17 13 . . 1 7 Attach 46 | . 1 5 8 8 7 3 2 1 11 Detach 26 | . 2 1 5 5 6 . . 2 5 Swap 68 | . 8 6 5 27 8 . . 2 12 Drop 116 | . 25 . 19 36 22 5 3 1 5 Fire 365 | . 35 21 87 62 76 21 . 35 28 Melee 145 | . . . . 66 17 . . . 62 Ram . | . . . . . . . . . . Kick . | . . . . . . . . . . Crush 10 | . . 2 2 3 . 3 . . . Escape Stasis 12 | . . . . . 12 . . . . Rewire 24 | . . . . 2 . 22 . . . Trap . | . . . . . . . . . . Miscellaneous . | . . . . . . . . . . Route ------- -11/Junkyard -10/Materials (discovered 3 exits: *Mat x2 / *Min) -10/Mines (discovered 3 exits: *Mat / [*Exi] / [*Sub]) -9/Materials (discovered 4 exits: *Mat x3 / *Sto) -9/Storage (discovered 2 exits: *Mat / Gar) -9/Garrison (discovered 3 exits: *Rec x3) -9/Recycling -7/Factory -7/Waste -7/Factory (discovered 5 exits: *Fac x4 / [*Low]) History --------- Turn | Location | Event 1 | -11/Junkyard | Discovered new exit (range 3) 6 | -11/Junkyard | Entered Materials 72 | -10/Materials | Central database locked down 309 | -10/Materials | Build established: Mutant 489 | -10/Materials | Discovered new exit (range 5) 629 | -10/Materials | Discovered new exit (range 15) 849 | -10/Materials | Discovered new exit (range 8) 1034 | -10/Materials | Entered Mines 1035 | -10/Mines | Learned location of Storage (-9) 1105 | -10/Mines | Core integrity fell below 50% 1107 | -10/Mines | Destroyed YI-UF0 1131 | -10/Mines | Lost 4 parts (2n2u) 1132 | -10/Mines | Found Prototype Launcher 1502 | -10/Mines | Found a damaged Exp. Sensor Array with a note attached 1507 | -10/Mines | Found Prototype Device 1507 | -10/Mines | Identified Exp. Sensor Array 1532 | -10/Mines | Learned location of 1 exit from Materials 1563 | -10/Mines | Learned location of Zion (-7) 1641 | -10/Mines | Assisted by bots powering up and referring to "LRC-V3" 1670 | -10/Mines | Identified YI-UF0's Doublenader 2445 | -10/Mines | Discovered new exit (range 5) 2452 | -10/Mines | Discovered new exit (range 10) 2541 | -10/Mines | Discovered new exit (range 8) 2603 | -10/Mines | Deemed a non-threat by the Exiles lab entrance 2679 | -10/Mines | Entered Materials 2679 | -9/Materials | Accompanied by 1 ally 2679 | -9/Materials | Evolved 2 slots: Propulsion x1, Utility x1 2680 | -9/Materials | Identified exit to Materials 2965 | -9/Materials | Destroyed 8 combat bots 3053 | -9/Materials | Discovered exit to Materials (range 16) 3165 | -9/Materials | Central database locked down 3384 | -9/Materials | Discovered new exit (range 16) 3445 | -9/Materials | Discovered exit to Materials (range 4) 3739 | -9/Materials | Destroyed 7 combat bots 3745 | -9/Materials | Lost 3 parts (1p2n) 4123 | -9/Materials | Build established: Scavenger-Mutant 4124 | -9/Materials | Entered Storage 4455 | -9/Storage | Garrison activated, responded to threat 4572 | -9/Storage | Central database locked down 4710 | -9/Storage | Identified exit to Garrison 4959 | -9/Storage | Discovered exit to Materials (range 16) 5087 | -9/Storage | Build established: Mutant 5413 | -9/Storage | Assisted by bots powering up and referring to "LRC-V3" 5432 | -9/Storage | Met a pair of Derelict thieves 5705 | -9/Storage | Core integrity fell below 50% 6785 | -9/Storage | Entered Garrison 7048 | -9/Garrison | Triggered checkpoint 7381 | -9/Garrison | Discovered new exit (range 36) 7381 | -9/Garrison | Discovered new exit (range 62) 7381 | -9/Garrison | Discovered new exit (range 76) 7445 | -9/Garrison | Garrison Relay disabled 7504 | -9/Garrison | Triggered checkpoint 7556 | -9/Garrison | Spotted B-75 Beast 7556 | -9/Garrison | Spotted B-75 Beast 7676 | -9/Garrison | Triggered checkpoint 7680 | -9/Garrison | Core integrity fell below 20% 7911 | -9/Garrison | Destroyed B-75 Beast 7931 | -9/Garrison | System corruption reached 10% 7977 | -9/Garrison | Destroyed B-75 Beast 8035 | -9/Garrison | System corruption reached 30% 8173 | -9/Garrison | Garrison Relay disabled 8323 | -9/Garrison | Garrison Relay disabled 8330 | -9/Garrison | Build established: Scavenger-Mutant 8540 | -9/Garrison | Phase Generator disabled 8638 | -9/Garrison | Entered Recycling 8639 | -9/Recycling | Joined Warlord attack on 0b10 via Recycling 9510 | -9/Recycling | Discovered new exit (range 6) 9518 | -9/Recycling | Entered Factory 9518 | -7/Factory | Evolved 4 slots: Power x1, Propulsion x1, Utility x2 10114 | -7/Factory | Sucked down chute 10114 | -7/Factory | Entered Waste 10129 | -7/Waste | EMP discharged 10177 | -7/Waste | Spotted C-40 Crusher 10184 | -7/Waste | Spotted C-40 Crusher 10185 | -7/Waste | System corruption reached 10% 10204 | -7/Waste | Spotted C-40 Crusher 10229 | -7/Waste | EMP discharged 10254 | -7/Waste | Destroyed C-40 Crusher 10295 | -7/Waste | Spotted C-40 Crusher 10310 | -7/Waste | Destroyed C-40 Crusher 10318 | -7/Waste | Spotted C-40 Crusher 10329 | -7/Waste | EMP discharged 10329 | -7/Waste | System corruption reached 30% 10374 | -7/Waste | Spotted C-40 Crusher 10429 | -7/Waste | EMP discharged 10436 | -7/Waste | Discovered new exit (range 10) 10450 | -7/Waste | Entered Factory 11124 | -7/Factory | Repaired Gui. EMP Blaster 11234 | -7/Factory | Identified exit to Factory 11446 | -7/Factory | Discovered new exit (range 5) 11628 | -7/Factory | Build established: Hacker-Mutant 11875 | -7/Factory | Cargo convoy interrupted 11909 | -7/Factory | Destroyed 8 combat bots 11957 | -7/Factory | Self-destructed Last Messages --------------- 11883_ Penetrated by Slug. 11885_ P-60 Hacker destroyed. 11885_ Destroyed Wheel. 11885_ H-55 Commando destroyed. 11885_ X-57 Shotgunner destroyed. 11885_ M-28 Smith destroyed. 11888_ X-62 Marksman destroyed. 11891_ Power failure, Rnf. Deuterium Engine shutdown. 11891_ Power failure, Lgt. Deuterium Engine shutdown. 11896_ The unstable cave ceiling collapses. 11902_ Overheating: System interference. 11902_ Hvy. Rocket Launcher temporarily disabled. 11903_ The unstable cave ceiling collapses. 11929_ System corrupted: Heat flow error (+293). 11949_ 7TJ7OHNW%=JDXV